 Dungeon Crawl Stone Soup version 0.30.0-29-ga12c61a403 (webtiles) character file.

Game seed: 9083182906444035807

18 hawla the Firebug (level 3, -2/26 HPs)
             Began as a Meteoran Fire Elementalist on June 8, 2023.
             Slain by an adder (3 damage)
             ... on level 2 of the Dungeon.
             The game lasted 00:01:39 (250 turns).

hawla the Firebug (Meteoran Fire Elementalist)       Turns: 250, Time: 00:01:39

Health: -2/26      AC:  3    Str:  9    XL:     3   Next: 8%
Magic:  3/8        EV: 12    Int: 19    God:
Gold:   0          SH:  0    Dex: 14    Spells: 5/8 levels left

rFire   . . .        (no weapon)
rCold   . . .        (no shield)
rNeg    . . .        a - +1 robe
rPois   .            (no helmet)
rElec   .            (no cloak)
rCorr   .            (no gloves)
SInv    .            (no boots)
Will    .....        (no amulet)
Stlth   +            (no ring)
HPRegen 0.24/turn    (no ring)
MPRegen 0.11/turn

%: no passive effects
@: glowing
A: sense surroundings 1, otherworldly, glowing, explore regen
a: no special abilities


You were on level 2 of the Dungeon.
You visited 1 branch of the dungeon, and saw 2 of its levels.

Inventory:

Armour
 a - a +1 robe (worn)
Potions
 b - a potion of magic


   Skills:
 + Level 2.7 Dodging
 - Level 1.4 Stealth
 + Level 3.0 Spellcasting
 + Level 1.3 Conjurations
 + Level 4.2 Fire Magic


You had 5 spell levels left.
You knew the following spells:

 Your Spells              Type           Power      Damage    Failure   Level
a - Foxfire               Conj/Fire      52%        2x1d6     4%          1
b - Scorch                Fire           38%        2d6       4%          2

Your spell library contained the following spells:

 Spells                   Type           Power      Damage    Failure   Level
 Inner Flame              Hex/Fire       11%        N/A       19%         3
 Volatile Blastmotes      Fire/Tloc      22%        2d11      19%         3
 Flame Wave               Conj/Fire      13%        2d6       43%         4


Dungeon Overview and Level Annotations

Branches:
Dungeon (2/15) Zot: 949

Altars:

Annotations:
D:2 Robin


Innate Abilities, Weirdness & Mutations

You passively map a small area around you.
You are easily found by Zot.
You glow in the dark.
You regain HP and MP as you explore.


Message History

As you read the scroll labelled HAIGRE KOIBO, it crumbles to dust.
It is a scroll of enchant armour.
Your +0 robe glows green for a moment.
The adder hisses angrily.
You hear a shout!
You hear an angry hiss.
Robin roars a battlecry!
The goblins go into a battle-frenzy!
The goblin barely misses you.
You hear an angry hiss.
You hear a shout!
You hear an angry hiss.
Casting: Foxfire (safe; 4% risk of failure)
Confirm with . or Enter, or press ? or * to list all spells.
You conjure some foxfire!
The foxfire hits the hobgoblin.
You kill the hobgoblin!
The goblin hits you with a +0 club. The hobgoblin hits you.
The foxfire hits the adder.
The adder is heavily wounded.
A bat comes into view.
The adder bites you.
A kobold comes into view. It is wielding a +0 dagger.
The hobgoblin hits you but does no damage.
The goblin hits you with a +0 club. The goblin barely misses you.
You aren't carrying any scrolls.
You aren't carrying any scrolls.
Okay, then.
Casting: Foxfire (safe; 4% risk of failure)
Confirm with . or Enter, or press ? or * to list all spells.
There is not enough space to conjure foxfire!
You hit the goblin.
The goblin is heavily wounded.
The adder bites you but does no damage. The hobgoblin hits you.
* * * LOW HITPOINT WARNING * * *
The goblin hits you with a +0 club.
* * * LOW HITPOINT WARNING * * *
The goblin closely misses you.
Robin says, "Bow before me, strongest of all the hobgoblins!"
Casting: Foxfire (safe; 4% risk of failure)
Confirm with . or Enter, or press ? or * to list all spells.
Flames lash the bat.
You kill the bat!
The adder bites you.
You die...

* , , , * ## *
.., .# .# * *.#
#######.# ,
#...Sg#g#.#.##
#.K.g@ggg.....
*#.########.##.
* , * * * * ,
,* , * , , ,
*,* , * ,, * ,
, ,, * * , , *
,


You could see Robin, an adder, a hobgoblin (strong), 4 goblins and a kobold.

Vanquished Creatures
  3 goblins
  3 hobgoblins
  A kobold (D:1)
  A quokka (D:1)
  3 ball pythons (D:1)
  3 bats
  2 frilled lizards (D:1)
  2 rats (D:1)
18 creatures vanquished.

Vanquished Creatures (others)
  26 foxfires
26 creatures vanquished.

Grand Total: 44 creatures vanquished

Notes
Turn   | Place    | Note
-------+----------+-------------------------------------------
     0 | D:1      | hawla the Meteoran Fire Elementalist began the quest for
                  | the Orb.
     0 | D:1      | Reached XP level 1. HP: 14/14 MP: 5/5
   138 | D:1      | Reached XP level 2. HP: 20/20 MP: 3/6
   141 | D:1      | Learned a level 2 spell: Scorch
   171 | D:1      | Reached skill level 4 in Fire Magic
   204 | D:1      | Found a faded altar of an unknown god.
   242 | D:2      | Noticed Robin
   246 | D:2      | Reached XP level 3. HP: 18/26 MP: 6/8
   249 | D:2      | HP: 1/26 [goblin/+0 club[Robin] (5)]
   250 | D:2      | Slain by an adder

Illustrated notes

Levels and vault maps discovered:
D:1:      erik_arrival_orb_chamber, layout_loops_corners,
          ebering_ecumenical_altar_ruins
D:2:      minmay_spotlight, layout_loops_cross, basic_altar, minmay_vboxes,
          uniq_crazy_yiuf_cottage, uniq_robin

Skill      XL: |  1  2 |
---------------+-------+-----
Fire Magic     | 4 |  4.2
Spellcasting   | 3 |  3.0
Dodging        | |  2.7
Stealth        | |  1.4
Conjurations   | |  1.3

Action                     || total
---------------------------++-------
  Melee: Unarmed           ||     5
   Cast: Foxfire           ||    15
         Scorch            ||     1
    Use: Scroll            ||     1
 Armour: Robe              ||     3
  Dodge: Dodged            ||     7
